PIO (24 & UNDER)
COLORADO COMMANDERS @ SURREY SINNERS
06/11/2023
 
TOP OF THE 1ST
Colorado Commanders batting - Pitching for Surrey Sinners : RHP Larry Stewart
Pitching: RHP Larry Stewart
Batting: RHB John Riley 0-0: Foul Ball, location: 2F
0-1: Ball
1-1: Foul Ball, location: 2F
1-2: Foul Ball, location: 2F
1-2: Ground out 2-3 (Groundball, 2L)
Batting: RHB Joe Haley 0-0: SINGLE (Line Drive, 6MD)
Batting: LHB Rafael Delgado 0-0: Ball
1-0: Called Strike
1-1: Ball
2-1: Fielders Choice at 2nd, 6-4 (Groundball, 6M)
Batting: RHB Emílio Bruno 0-0: DOUBLE (Flyball, 89M)
Rafael Delgado to third
Batting: RHB Diego Francisco 0-0: Ball
1-0: Ground out 6-3 (Groundball, 6)
Top of the 1st over - 0 run(s), 2 hit(s), 0 error(s), 2 left on base; Colorado 0 - Surrey 0
BOTTOM OF THE 1ST
Surrey Sinners batting - Pitching for Colorado Commanders : LHP Sean Perry
Pitching: LHP Sean Perry
Batting: RHB Tony Cruz 0-0: Ball
1-0: Called Strike
1-1: Ball
2-1: SINGLE (Line Drive, 4M)
Batting: RHB Miguel Palácios 0-0: Ball
1-0: Swinging Strike
1-1: Foul Ball, location: 2F
1-2: Strikes out swinging
Batting: RHB Jesús Gonzáles 0-0: Ball
1-0: Fly out, F3 (Popup, 3F)
Batting: RHB Héctor Berrios 0-0: SINGLE (Groundball, 15S) (infield hit)
Tony Cruz to second
Batting: LHB Edmund Ross 0-0: Swinging Strike
0-1: Called Strike
0-2: Ball
1-2: Strikes out swinging
Bottom of the 1st over - 0 run(s), 2 hit(s), 0 error(s), 2 left on base; Colorado 0 - Surrey 0
TOP OF THE 2ND
Colorado Commanders batting - Pitching for Surrey Sinners : RHP Larry Stewart
Batting: SHB George Adams 0-0: Called Strike
0-1: Ball
1-1: Called Strike
1-2: SINGLE (Line Drive, 7LS)
Batting: RHB Earnest Turner 0-0: Called Strike
0-1: Ball
1-1: Fielders Choice at 2nd, 6-4 (Groundball, 6M)
Batting: LHB John Nicholson 0-0: Ball
1-0: Foul Ball, location: 2F
1-1: Ball
2-1: Called Strike
2-2: Fielders Choice at 2nd, 4-6 (Groundball, 4)
Batting: RHB Lee Price 0-0: Ball
John Nicholson is caught stealing 2nd base
Top of the 2nd over - 0 run(s), 1 hit(s), 0 error(s), 0 left on base; Colorado 0 - Surrey 0
BOTTOM OF THE 2ND
Surrey Sinners batting - Pitching for Colorado Commanders : LHP Sean Perry
Batting: RHB Bill Little 0-0: Ball
1-0: Ball
2-0: Swinging Strike
2-1: Called Strike
2-2: Foul Ball, location: 2F
2-2: Ball
3-2: Base on Balls
Batting: SHB Lawrence Steward 0-0: Foul Ball, location: 2F
0-1: SINGLE (Line Drive, 7S)
Bill Little to second
Batting: RHB Víctor Arredondo 0-0: Called Strike
0-1: Ball
1-1: Ball
2-1: SINGLE (Line Drive, 6MD)
Bill Little to third
Lawrence Steward to second
Runner from 3rd tries for Home, SAFE, throw made home
Lawrence Steward to third
Víctor Arredondo to second
Batting: LHB Nick English 0-0: Called Strike
0-1: Foul Ball, location: 2F
0-2: Foul Ball, location: 2F
0-2: Ball
1-2: Ball
2-2: SINGLE (Flyball, 8LS)
Lawrence Steward scores
Víctor Arredondo to third
Batting: RHB Tony Cruz 0-0: Ball
1-0: Ball
2-0: Called Strike
2-1: Ball
3-1: Called Strike
3-2: Base on Balls
Nick English to second
Batting: RHB Miguel Palácios 0-0: Grounds into fielders choice 1-2 (Groundball, 13)
Nick English to third
Tony Cruz to second
Batting: RHB Jesús Gonzáles 0-0: Ball
1-0: Swinging Strike
1-1: Foul Ball, location: 2F
1-2: Fly out, F9 (Flyball, 9LMF)
Runner from 3rd tags up, SCORES, no throw
Batting: RHB Héctor Berrios 0-0: DOUBLE (Line Drive, 78M)
Tony Cruz scores
Miguel Palácios to third
Runner from 3rd tries for Home, SAFE, no throw or cutoff
Batting: LHB Edmund Ross 0-0: Ball
1-0: Ground out 4-3 (Groundball, 34)
Bottom of the 2nd over - 5 run(s), 4 hit(s), 0 error(s), 1 left on base; Colorado 0 - Surrey 5
TOP OF THE 3RD
Colorado Commanders batting - Pitching for Surrey Sinners : RHP Larry Stewart
Batting: RHB Lee Price 0-0: Called Strike
0-1: Ball
1-1: Called Strike
1-2: Foul Ball, location: 2F
1-2: Ball
2-2: Foul Ball, location: 2F
2-2: Foul Ball, location: 2F
2-2: Ball
3-2: Foul Ball, location: 2F
3-2: Base on Balls
Batting: RHB John Riley 0-0: Called Strike
0-1: Ball
1-1: Called Strike
1-2: Foul Ball, location: 2F
1-2: Strikes out swinging
Batting: RHB Joe Haley 0-0: Called Strike
0-1: Foul Ball, location: 2F
0-2: Ball
1-2: Strikes out swinging
Batting: LHB Rafael Delgado 0-0: Ground out 6-3 (Groundball, 6)
Top of the 3rd over - 0 run(s), 0 hit(s), 0 error(s), 1 left on base; Colorado 0 - Surrey 5
BOTTOM OF THE 3RD
Surrey Sinners batting - Pitching for Colorado Commanders : LHP Sean Perry
Batting: RHB Bill Little 0-0: Ball
1-0: Ball
2-0: Ball
3-0: Base on Balls
Batting: SHB Lawrence Steward 0-0: Ball
1-0: Fly out, F8 (Flyball, 8LD)
Batting: RHB Víctor Arredondo 0-0: Called Strike
0-1: Fly out, F7 (Flyball, 7M)
Batting: LHB Nick English 0-0: Ball
1-0: Ball
2-0: Ground out 4-3 (Groundball, 4)
Bottom of the 3rd over - 0 run(s), 0 hit(s), 0 error(s), 1 left on base; Colorado 0 - Surrey 5
TOP OF THE 4TH
Colorado Commanders batting - Pitching for Surrey Sinners : RHP Larry Stewart
Batting: RHB Emílio Bruno 0-0: Swinging Strike
0-1: SINGLE (Flyball, 6MD)
Batting: RHB Diego Francisco 0-0: Grounds into double play, 6-4-3 (Groundball, 6)
Batting: SHB George Adams 0-0: Ball
1-0: Swinging Strike
1-1: Foul Ball, location: 2F
1-2: Ball
2-2: Strikes out swinging
Top of the 4th over - 0 run(s), 1 hit(s), 0 error(s), 0 left on base; Colorado 0 - Surrey 5
BOTTOM OF THE 4TH
Surrey Sinners batting - Pitching for Colorado Commanders : LHP Sean Perry
Batting: RHB Tony Cruz 0-0: Ground out 1-3 (Groundball, 13S)
Batting: RHB Miguel Palácios 0-0: Ball
1-0: SINGLE (Groundball, 6MD)
Batting: RHB Jesús Gonzáles 0-0: Ball
Miguel Palácios is caught stealing 2nd base
1-0: Foul Ball, location: 2F
1-1: Fly out, F9 (Flyball, 89M)
Bottom of the 4th over - 0 run(s), 1 hit(s), 0 error(s), 0 left on base; Colorado 0 - Surrey 5
TOP OF THE 5TH
Colorado Commanders batting - Pitching for Surrey Sinners : RHP Larry Stewart
Batting: RHB Earnest Turner 0-0: Ball
1-0: Ball
2-0: Ball
3-0: Called Strike
3-1: Foul Ball, location: 2F
3-2: Base on Balls
Batting: LHB John Nicholson 0-0: Ball
1-0: Ball
Earnest Turner is caught stealing 2nd base
2-0: Ground out 4-3 (Groundball, 4)
Batting: RHB Lee Price 0-0: Fly out, F9 (Flyball, 9D)
Top of the 5th over - 0 run(s), 0 hit(s), 0 error(s), 0 left on base; Colorado 0 - Surrey 5
BOTTOM OF THE 5TH
Surrey Sinners batting - Pitching for Colorado Commanders : LHP Sean Perry
Batting: RHB Héctor Berrios 0-0: Ground out 4-3 (Groundball, 34)
Batting: LHB Edmund Ross 0-0: Ground out 4-3 (Groundball, 4)
Batting: RHB Bill Little 0-0: Fly out, F4 (Popup, 4)
Bottom of the 5th over - 0 run(s), 0 hit(s), 0 error(s), 0 left on base; Colorado 0 - Surrey 5
TOP OF THE 6TH
Colorado Commanders batting - Pitching for Surrey Sinners : RHP Larry Stewart
Batting: RHB John Riley 0-0: Ball
1-0: Ball
2-0: Called Strike
2-1: Foul Ball, location: 2F
2-2: Ball
3-2: Base on Balls
Batting: RHB Joe Haley 0-0: Ball
1-0: Ball
2-0: Ball
3-0: Base on Balls
John Riley to second
Batting: LHB Rafael Delgado 0-0: Called Strike
0-1: Ball
1-1: Ball
2-1: Called Strike
2-2: Strikes out swinging
Batting: RHB Emílio Bruno 0-0: Foul Ball, location: 2F
0-1: Ball
John Riley is caught stealing 3rd base
Joe Haley to second
1-1: Foul Ball, location: 2F
1-2: Strikes out swinging
Top of the 6th over - 0 run(s), 0 hit(s), 0 error(s), 1 left on base; Colorado 0 - Surrey 5
BOTTOM OF THE 6TH
Surrey Sinners batting - Pitching for Colorado Commanders : LHP Sean Perry
Batting: SHB Lawrence Steward 0-0: Called Strike
0-1: Called Strike
0-2: Ball
1-2: Foul Ball, location: 2F
1-2: Foul Ball, location: 2F
1-2: Ground out 6-3 (Groundball, 6)
Batting: RHB Víctor Arredondo 0-0: Foul Ball, location: 2F
0-1: Ground out 5-3 (Groundball, 5S)
Batting: LHB Nick English 0-0: Ball
1-0: Ball
2-0: Called Strike
2-1: Ball
3-1: Foul Ball, location: 2F
3-2: Foul Ball, location: 2F
3-2: Foul Ball, location: 2F
3-2: Base on Balls
Batting: RHB Tony Cruz 0-0: Ball
Nick English steals 2nd base
1-0: Foul Ball, location: 2F
1-1: Ball
2-1: Fly out, F9 (Popup, 34D)
Bottom of the 6th over - 0 run(s), 0 hit(s), 0 error(s), 1 left on base; Colorado 0 - Surrey 5
TOP OF THE 7TH
Colorado Commanders batting - Pitching for Surrey Sinners : RHP Larry Stewart
Batting: RHB Diego Francisco 0-0: Called Strike
0-1: Ground out 6-3 (Groundball, 6)
Pitching: RHP Allen Bannatyne
Batting: SHB George Adams 0-0: Called Strike
0-1: Ball
1-1: SINGLE (Groundball, 34D)
Batting: RHB Earnest Turner 0-0: Ball
1-0: Fly out, F9 (Flyball, 9M)
Batting: LHB John Nicholson 0-0: Foul Ball, location: 2F
0-1: Called Strike
0-2: Ball
1-2: Ball
George Adams steals 2nd base
2-2: Ball
3-2: Base on Balls
Batting: RHB Lee Price 0-0: Ball
1-0: Fly out, F4 (Popup, 34D)
Top of the 7th over - 0 run(s), 1 hit(s), 0 error(s), 2 left on base; Colorado 0 - Surrey 5
BOTTOM OF THE 7TH
Surrey Sinners batting - Pitching for Colorado Commanders : LHP Sean Perry
Pitching: LHP Albert Alonzo
Batting: RHB Miguel Palácios 0-0: Ground out 6-3 (Groundball, 6)
Batting: RHB Jesús Gonzáles 0-0: Swinging Strike
0-1: Foul Ball, location: 2F
0-2: Ground out 1-3 (Groundball, 34S)
Batting: RHB Héctor Berrios 0-0: Ball
1-0: Ball
2-0: Ball
3-0: Called Strike
3-1: Foul Ball, location: 2F
3-2: Strikes out swinging
Bottom of the 7th over - 0 run(s), 0 hit(s), 0 error(s), 0 left on base; Colorado 0 - Surrey 5
TOP OF THE 8TH
Colorado Commanders batting - Pitching for Surrey Sinners : RHP Allen Bannatyne
Now at 1B: Benny Richard
Now at SS: Omar Tobías
Batting: RHB John Riley 0-0: Called Strike
0-1: Swinging Strike
0-2: Ball
1-2: Ball
2-2: Foul Ball, location: 2F
2-2: Ball
3-2: Base on Balls
Batting: RHB Joe Haley 0-0: Called Strike
0-1: Called Strike
0-2: Ball
1-2: Foul Ball, location: 2F
1-2: Strikes out looking
Batting: LHB Rafael Delgado 0-0: Ball
1-0: Foul Ball, location: 2F
1-1: SINGLE (Line Drive, 4M)
John Riley to second
Batting: RHB Emílio Bruno 0-0: DOUBLE (Groundball, 5L)
John Riley scores
Rafael Delgado to third
Batting: RHB Diego Francisco 0-0: Called Strike
0-1: Ball
1-1: Ball
2-1: Fly out, F5 (Popup, 25)
Pitching: RHP Juan Tapia
Batting: SHB George Adams 0-0: Swinging Strike
0-1: Ball
1-1: Foul Ball, location: 2F
1-2: Foul Ball, location: 2F
1-2: Strikes out swinging
Top of the 8th over - 1 run(s), 2 hit(s), 0 error(s), 2 left on base; Colorado 1 - Surrey 5
BOTTOM OF THE 8TH
Surrey Sinners batting - Pitching for Colorado Commanders : LHP Albert Alonzo
Batting: LHB Edmund Ross 0-0: Called Strike
0-1: Called Strike
0-2: Ball
1-2: Ball
2-2: Ball
3-2: Strikes out swinging
Batting: RHB Bill Little 0-0: Ball
1-0: Foul Ball, location: 2F
1-1: Ball
2-1: Swinging Strike
2-2: Foul Ball, location: 2F
2-2: Foul Ball, location: 2F
2-2: Fly out, F9 (Flyball, 89M)
Batting: SHB Lawrence Steward 0-0: Called Strike
0-1: Foul Ball, location: 2F
0-2: Strikes out swinging
Bottom of the 8th over - 0 run(s), 0 hit(s), 0 error(s), 0 left on base; Colorado 1 - Surrey 5
TOP OF THE 9TH
Colorado Commanders batting - Pitching for Surrey Sinners : RHP Juan Tapia
Batting: RHB Earnest Turner 0-0: Ball
1-0: Fly out, F5 (Popup, 5F)
Batting: LHB John Nicholson 0-0: Swinging Strike
0-1: Foul Ball, location: 2F
0-2: Ball
1-2: Ball
2-2: Strikes out swinging
Batting: RHB Lee Price 0-0: Swinging Strike
0-1: Swinging Strike
0-2: Ball
1-2: Foul Ball, location: 2F
1-2: Strikes out swinging
Top of the 9th over - 0 run(s), 0 hit(s), 0 error(s), 0 left on base; Colorado 1 - Surrey 5
This league is powered by Out of the Park Baseball, the baseball management simulation game for PC, Mac and Linux
Wednesday, December 2nd, 2015 - OOTP Baseball 16.8 Build 38